 Dungeon Crawl Stone Soup version 0.31-a0-220-gc2f4f3cf83 (webtiles) character file.

Game seed: 10580236735180514434

65 qw the Shooter (level 3, 0/29 HPs)
             Began as a Minotaur Hexslinger on July 3, 2023.
             Killed from afar by Sigmund (4 damage)
             ... with a magic dart
             ... on level 2 of the Dungeon.
             The game lasted 00:00:27 (840 turns).

qw the Shooter (Minotaur Hexslinger)                 Turns: 840, Time: 00:00:27

Health: 0/29       AC:  6    Str: 12    XL:     3   Next: 94%
Magic:  3/3        EV: 11    Int: 10    God:
Gold:   85         SH:  0    Dex: 14    Spells: 3/4 levels left

rFire   . . .        Y - +1 sling
rCold   . . .        (no shield)
rNeg    . . .        i - +0 ring mail
rPois   .            (helmet restricted)
rElec   .            h - +0 cloak
rCorr   .            (no gloves)
SInv    .            (no boots)
Will    .....        g - amulet of faith Stlth
                     (no ring)
HPRegen 0.24/turn    (no ring)
MPRegen 0.08/turn

%: faith
@: confused
A: horns 2, retaliatory headbutt
a: no special abilities


You were on level 2 of the Dungeon.
You visited 1 branch of the dungeon, and saw 2 of its levels.

You collected 85 gold pieces.


Innate Abilities, Weirdness & Mutations

You have a pair of horns on your head.
You reflexively headbutt those who attack you in melee.


   Skills:
 - Level 2.0 Fighting
 + Level 4.2 Ranged Weapons
 - Level 1.2 Armour
 - Level 2.1 Dodging
 - Level 1.0 Spellcasting
 - Level 2.0 Hexes


You had 3 spell levels left.
You knew the following spells:

 Your Spells              Type           Power      Damage    Failure   Level
a - Slow                  Hex            16%        N/A       34%         1

Your spell library contained the following spells:

 Spells                   Type           Power      Damage    Failure   Level
 Inner Flame              Hex/Fire       2%         N/A       83%         3
 Portal Projectile        Hex/Tloc       4%         N/A       83%         3
 Cause Fear               Hex            2%         N/A       98%         4

Inventory:

Hand Weapons
 Y - a +1 sling (weapon)
Armour
 h - a +0 cloak (worn)
 i - a +0 ring mail (worn)
Jewellery
 g - an amulet of faith (around neck)
Scrolls
 f - 2 scrolls of identify

Dungeon Overview and Level Annotations

Branches:
Dungeon (2/15)

Altars:

Annotations:
D:2 Sigmund


Message History

Enter note:
Enter note: You shoot a sling bullet.
Sigmund shouts!
The sling bullet hits Sigmund!
Sigmund is moderately wounded.
Sigmund mumbles some strange words.
Sigmund flickers and vanishes!
Deactivating autopickup; reactivate with Ctrl-A.
You shoot a sling bullet.
A puff of flame appears from out of thin air!
The puff of flame hits you.
You shoot a sling bullet. You shoot a sling bullet.
A puff of flame appears from out of thin air!
The puff of flame hits you.
You shoot a sling bullet. You shoot a sling bullet. You shoot a sling bullet.
Something hits you.
You shoot a sling bullet. Something hits you but does no damage.
You shoot a sling bullet. Something hits you but does no damage.
You shoot a sling bullet. Something hits you!
You shoot a sling bullet. Something hits you!
You shoot a sling bullet.
You hear some strange, mumbled words.
You are confused.
You shoot a sling bullet.
You hear some strange, mumbled words.
You are more confused.
You shoot a sling bullet. Something hits you.
You shoot a sling bullet.
A magic dart appears from out of thin air!
The magic dart hits you.
You die...

..###. ##.........#
#.....###...........#
#......##..........<#
#...................#
#......#.).........##
.##......##.........##
...............##...#
##..........#.# ##.
#...{.@.......#
.$.#####...>.#.#
........# .........#
#.........#
#.##..).#.# #.
#.##.... .. .. ...


There were no monsters in sight!

Vanquished Creatures
  2 adders (D:2)
  A worm (D:2)
  2 dart slugs (D:1)
  An endoplasm (D:1)
  2 giant cockroaches
  A goblin (D:1)
  9 hobgoblins
  6 jackals (D:2)
  2 kobolds (D:1)
  A quokka (D:1)
  A ball python (D:2)
  3 bats (D:1)
  2 frilled lizards
  4 rats
37 creatures vanquished.

Notes
Turn   | Place    | Note
-------+----------+-------------------------------------------
     0 | D:1      | qw the Minotaur Hexslinger began the quest for the Orb.
     0 | D:1      | Reached XP level 1. HP: 16/16 MP: 1/1
     0 | D:1      | 0 ||| qw: Version: 0.3-a-40-ge99b1a8
     0 | D:1      | 0 ||| qw: Game counter: 455
     0 | D:1      | 0 ||| qw: Melee chars always use a shield: true
     0 | D:1      | 0 ||| qw: God list: Okawaru
     0 | D:1      | 0 ||| qw: Allow faded altars: false
     0 | D:1      | 0 ||| qw: Do Orc after clearing Dungeon:15 true
     0 | D:1      | 0 ||| qw: Do second Lair branch before Depths: true
     0 | D:1      | 0 ||| qw: Lair rune preference: random
     0 | D:1      | 0 ||| qw: Goals: Normal
     0 | D:1      | 0 ||| PLANNING D:1-11
    50 | D:1      | Reached skill level 3 in Ranged Weapons
    50 | D:1      | Reached XP level 2. HP: 23/23 MP: 2/2
   296 | D:1      | You fall into a shaft and drop 1 floor!
   307 | D:2      | Reached XP level 3. HP: 26/29 MP: 3/3
   362 | D:2      | 362 ||| UPGRADING to +0 cloak.
   367 | D:2      | 367 ||| UPGRADING to +0 ring mail.
   381 | D:2      | Reached skill level 4 in Ranged Weapons
   472 | D:2      | 472 ||| UPGRADING to +0 ring mail.
   482 | D:2      | 482 ||| DROPPING +0 robe.
   483 | D:2      | 483 ||| UPGRADING to amulet of faith.
   488 | D:2      | 488 ||| READING 3 scrolls labelled ANAESU KUC TYA.
   489 | D:2      | 489 ||| READING 2 scrolls labelled QYRPHO UMOUS.
   490 | D:2      | 490 ||| DROPPING 2 scrolls of fog.
   491 | D:2      | 491 ||| DROPPING scroll of poison.
   658 | D:1      | 658 ||| READING 2 scrolls of identify.
   658 | D:1      | 658 ||| IDENTIFYING amethyst potion
   659 | D:1      | 659 ||| DROPPING potion of attraction.
   776 | D:2      | Reached skill level 1 in Armour
   825 | D:2      | Noticed Sigmund
   836 | D:2      | HP: 7/29 [something (10)]
   839 | D:2      | HP: 3/29 [something (5)]
   840 | D:2      | Killed from afar by Sigmund

Levels and vault maps discovered:
D:1:      psy_arrival_whirlpool, layout_rooms
D:2:      layout_rooms, uniq_sigmund

Skill      XL: |  1  2  3 |
---------------+----------+-----
Ranged Weapons | 3 4 |  4.2
Fighting       | 2 |  2.0
Armour         | 1 |  1.2
Dodging        | |  2.1
Spellcasting   | |  1.0
Hexes          | |  2.0

Action                     || total
---------------------------++-------
   Fire: Sling             ||   115
    Use: Scroll            ||     3
 Armour: Robe              ||    15
         Ring mail         ||    11
  Dodge: Dodged            ||    37

Table legend:
 A = Non-vault XP
 B = Vault XP
 C = Vault XP percentage of total XP
 D = Non-vault monster count
 E = Vault monster count
 F = Vault count percentage of total count
                 A         B        C        D         E       F
            +---------+---------+-------+---------+---------+-------
      Total |      94 |       0 |   0.0 |      37 |       0 |   0.0
            +---------+---------+-------+---------+---------+-------
        D:1 |      30 |       0 |   0.0 |      16 |       0 |   0.0
        D:2 |      64 |       0 |   0.0 |      21 |       0 |   0.0
            +---------+---------+-------+---------+---------+-------
